 Dungeon Crawl Stone Soup version 0.30-a0-916-g98134172ad (webtiles) character file.

Game seed: 6247901398037735626

1824 MacCMillion the Cleaver (level 8, -4/66 HPs)
             Began as a Minotaur Fighter on Mar 20, 2023.
             Was a Follower of Elyvilon.
             Slain by a sky beast (6 damage)
             ... on level 7 of the Dungeon.
             The game lasted 00:10:54 (7758 turns).

MacCMillion the Cleaver (Minotaur Fighter)          Turns: 7758, Time: 00:10:54

Health: -4/66      AC:  5    Str: 34    XL:     8   Next: 86%
Magic:  7/7        EV:  9    Int:  5    God:    Elyvilon [*.....]
Gold:   268        SH:  5    Dex: 11    Spells: 7/7 levels left

rFire   . . .      SeeInvis .    a - +0 war axe
rCold   . . .      Faith    .    c - +0 buckler
rNeg    . . .      Spirit   .    b - +0 scale mail
rPois   .          Reflect  .    (helmet restricted)
rElec   .          Rampage  .    (no cloak)
rCorr   .                        h - +1 pair of gloves
Will    .....                    (no boots) Stlth
                                 (no amulet)
HPRegen 0.31/turn                f - +6 ring of strength
MPRegen 0.10/turn                k - +6 ring of strength

@: corroded
A: horns 2, retaliatory headbutt
a: Renounce Religion, Purification


You were on level 7 of the Dungeon.
You worshipped Elyvilon.
Elyvilon was aware of your devotion.
You visited 2 branches of the dungeon, and saw 8 of its levels.

You collected 268 gold pieces.

Inventory:

Hand Weapons
 a - a +0 war axe (weapon)
Missiles
 i - 5 boomerangs (quivered)
 H - 3 atropa-tipped darts
 J - 3 poisoned darts
Armour
 b - a +0 scale mail (worn)
 c - a +0 buckler (worn)
 h - a +1 pair of gloves (worn)
 y - a +3 leather armour of poison resistance
Jewellery
 f - a +6 ring of strength (left hand)
 k - a +6 ring of strength (right hand)
 t - a +6 ring of dexterity
 u - an amulet of magic regeneration
 F - a ring of fire
 I - a ring of protection from fire
Wands
 v - a wand of charming (13)
 G - a wand of light (8)
Scrolls
 e - 3 scrolls of amnesia
 g - a scroll of fog
 j - 3 scrolls of teleportation
 m - 2 scrolls of fear {unknown}
 n - a scroll of blinking {unknown}
 q - a scroll of enchant armour {unknown}
 x - 5 scrolls of identify
 z - a scroll of butterflies {unknown}
 A - a scroll of enchant weapon {unknown}
 B - a scroll of magic mapping {unknown}
 E - a scroll of brand weapon {unknown}
Potions
 d - 2 potions of might
 l - 6 potions of curing
 o - 2 potions of attraction {unknown}
 p - 2 potions of degeneration
 r - 3 potions of lignification {unknown}
 s - a potion of magic {unknown}
 w - a potion of brilliance {unknown}
 C - 2 potions of flight {unknown}
 D - 3 potions of mutation {unknown}


   Skills:
 + Level 3.9 Fighting
 + Level 13.1 Axes
 + Level 3.9 Armour
 - Level 5.0 Shields
 + Level 0.7 Invocations


You had 7 spell levels left.
You didn't know any spells.
Your spell library contained the following spells:

 Spells                   Type           Power      Damage    Failure   Level
 Summon Small Mammal      Summ           0%         N/A       78%         1
 Lesser Beckoning         Tloc           0%         N/A       89%         2
 Call Canine Familiar     Summ           0%         N/A       98%         3
 Gell's Gravitas          Tloc           0%         N/A       98%         3
 Summon Guardian Golem    Hex/Summ       0%         N/A       98%         3
 Teleport Other           Tloc           0%         N/A       98%         3


Dungeon Overview and Level Annotations

Branches:
Dungeon (7/15)             Temple (1/1) D:5

Altars:
Ashenzari
Cheibriados
Elyvilon
Gozag
Hepliaklqana
Kikubaaqudgha
Nemelex Xobeh
Okawaru
Qazlal
Trog
Vehumet
Wu Jian
Xom
Yredelemnul
Zin
The Shining One

Annotations:
D:3 Sigmund
D:4 1 runed translucent door, Crazy Yiuf


Innate Abilities, Weirdness & Mutations

You have a pair of horns on your head.
You reflexively headbutt those who attack you in melee.


Message History

The sky beast hits you but does no damage.
You barely miss the sky beast. Your headbutt misses the sky beast.
The sky beast is heavily wounded.
You miss the sky beast.
The sky beast hits you but does no damage.
The sky beast flickers out of sight!
Deactivating autopickup; reactivate with Ctrl-A.
Something hits you. Something shocks you.
You closely miss the sky beast. Your headbutt misses the sky beast.
The sky beast is lightly wounded.
You slash something! The sky beast hits you. The sky beast shocks you.
A sky beast appears from thin air!
Reactivating autopickup.
The sky beast hits you. The sky beast shocks you.
You are too injured to fight recklessly!
You are too injured to fight recklessly!
The sky beast attacks as you move away!
The sky beast hits you but does no damage.
The sky beast flickers out of sight!
Deactivating autopickup; reactivate with Ctrl-A.
Something hits you. Something shocks you.
* * * LOW HITPOINT WARNING * * *
The sky beast attacks as you move away!
The sky beast hits you but does no damage.
Something hits you but does no damage. Something hits you but does no damage.
The sky beast attacks as you move away! The sky beast hits you.
* * * LOW HITPOINT WARNING * * *
The sky beast shocks you.
* * * LOW HITPOINT WARNING * * *
Items here: ( ))) ††.
Something hits you but does no damage. The sky beast attacks as you move away!
The sky beast hits you.
* * * LOW HITPOINT WARNING * * *
The sky beast shocks you.
* * * LOW HITPOINT WARNING * * *
The sky beast attacks as you move away! The sky beast hits you.
* * * LOW HITPOINT WARNING * * *
The sky beast shocks you.
You die...

.... .. #..#
.#
#..##.####+#
+...........
#)..........
#..~........
#))##[##...#
###{Y# .# .#
+.)@.# ..
#....# ...
#.<..# ....
#....# .....
#....#
......
####.# .# ..
...


You could see a sky beast.

Vanquished Creatures
  Eustachio (D:4)
  Edmund (D:5)
  A water moccasin (D:5)
  An orc warrior (D:5)
  2 black bears (D:6)
  A centaur (D:5)
  A phantom (D:6)
  2 bullfrogs
  A kobold brigand (D:7)
  2 scorpions (D:6)
  5 hounds
  An orc priest (D:5)
  3 jellies
  A sleepcap (D:4)
  2 orc wizards
  Natasha (thrice) (D:3)
  3 iguanas
  Robin (D:1)
  4 gnolls (D:2)
  7 adders
  A shadow imp (D:6)
  A white imp (D:6)
  7 orcs
  7 bats
  4 endoplasms
  3 giant cockroaches
  15 goblins
  7 hobgoblins
  2 jackals (D:2)
  8 quokkas
  8 ball pythons
  3 frilled lizards
  12 kobolds
  2 rats (D:3)
123 creatures vanquished.

Vanquished Creatures (others)
  A plant (D:5)
1 creature vanquished.

Grand Total: 124 creatures vanquished

Notes
Turn   | Place    | Note
-------+----------+-------------------------------------------
     0 | D:1      | MacCMillion the Minotaur Fighter began the quest for the
                  | Orb.
     0 | D:1      | Reached XP level 1. HP: 19/19 MP: 0/0
   402 | D:1      | Reached XP level 2. HP: 27/27 MP: 1/1
   646 | D:1      | Reached skill level 3 in Axes
  1018 | D:2      | Found a faded altar of an unknown god.
  1071 | D:2      | Reached XP level 3. HP: 33/33 MP: 2/2
  1543 | D:2      | Reached skill level 4 in Axes
  1696 | D:2      | Reached skill level 5 in Shields
  1696 | D:2      | Reached XP level 4. HP: 40/40 MP: 3/3
  1905 | D:2      | Noticed Robin
  1974 | D:1      | Killed Robin
  2195 | D:2      | Reached skill level 5 in Axes
  2654 | D:3      | Noticed Natasha
  2659 | D:3      | Killed Natasha
  2660 | D:3      | Reached XP level 5. HP: 32/46 MP: 4/4
  2748 | D:3      | Noticed Natasha
  2748 | D:3      | You fall into a shaft and drop 3 floors!
  2777 | D:6      | Reached skill level 6 in Axes
  2798 | D:6      | Noticed a black bear
  2798 | D:6      | Noticed a black bear
  2825 | D:6      | Killed a black bear
  2826 | D:6      | Reached XP level 6. HP: 37/52 MP: 5/5
  2832 | D:6      | Reached skill level 7 in Axes
  3259 | D:6      | Reached skill level 8 in Axes
  3300 | D:6      | Reached XP level 7. HP: 52/58 MP: 6/6
  3436 | D:5      | Entered Level 5 of the Dungeon
  3500 | D:4      | Found a runed translucent door.
  3501 | D:4      | Noticed Crazy Yiuf
  3562 | D:4      | Noticed Eustachio
  3575 | D:4      | Killed Eustachio
  3576 | D:4      | Reached skill level 9 in Axes
  4136 | D:3      | Noticed Sigmund
  4328 | D:3      | Killed Natasha
  4575 | D:3      | Noticed Natasha
  4580 | D:3      | Killed Natasha
  4918 | D:4      | Reached skill level 10 in Axes
  5173 | D:5      | Found a staircase to the Ecumenical Temple.
  5244 | Temple   | Entered the Ecumenical Temple
  5435 | Temple   | Became a worshipper of Elyvilon the Healer
  5604 | D:5      | Reached XP level 8. HP: 51/66 MP: 7/7
  5607 | D:5      | Reached skill level 11 in Axes
  5916 | D:5      | Noticed Edmund
  6394 | D:5      | Killed Edmund
  6395 | D:5      | Reached skill level 12 in Axes
  7024 | D:5      | Reached * piety under Elyvilon
  7631 | D:6      | Reached skill level 13 in Axes
  7758 | D:7      | HP: 2/66 [sky beast (2)]
  7758 | D:7      | Slain by a sky beast

Illustrated notes

Levels and vault maps discovered:
D:1:      lightli_arrival_statue_moat, layout_basic
D:2:      kennysheep_big_flooded_room, layout_loops_corners,
          shapermc_ecumenical_altar_notcrosses, uniq_robin
D:3:      layout_rooms, minmay_misc_feat_ornament, uniq_sigmund, uniq_natasha
D:4:      layout_loops_cross, uniq_eustachio, uniq_crazy_yiuf_cottage
D:5:      layout_cave_pods, minmay_temple_entry_gardened_gates, uniq_edmund
D:6:      layout_basic
D:7:      layout_gridville
Temple:   eino_temple_scatter_basement

Skill      XL: |  1  2  3  4  5  6  7  8 |
---------------+-------------------------+-----
Shields        | 4 5 |  5.0
Axes           | 3 4 5 6 8 10 13 | 13.1
Fighting       | |  3.9
Armour         | |  3.9
Invocations    | |  0.7

Action                     |  1- 3 |  4- 6 |  7- 9 || total
---------------------------+-------+-------+-------++-------
  Melee: War axe           |    67 |    86 |   154 ||   307
         Headbutt          |     7 |    14 |    26 ||    47
    Use: Scroll            |       |     4 |     1 ||     5
 Armour: Scale mail        |    45 |    57 |    86 ||   188
  Dodge: Dodged            |    51 |    40 |    53 ||   144
  Block: Buckler           |    23 |    19 |    35 ||    77

Table legend: (Time is in decaauts)
 A = Elapsed time spent in this place.
 B = Non-inter-level travel time spent in this place.
 C = Inter-level travel time spent in this place.
 D = Time resting spent in this place.
 E = Time spent auto-exploring this place.
 F = Levels seen in this place.
 G = Mean time per level.
                   A        B        C        D        E       F      G
               +--------+--------+--------+--------+--------+-----+--------+
         Total |   7813 |   7346 |    467 |   2363 |   3753 |   8 |  976.6 |
       Dungeon |   7608 |   7172 |    436 |   2363 |   3608 |   7 | 1086.9 |
        Temple |    204 |    173 |     31 |      0 |    145 |   1 |  204.0 |
               +--------+--------+--------+--------+--------+-----+--------+

Top non-repeatable levels by time:
     D:5: 1887 daAuts
     D:2: 1824 daAuts
     D:6: 1209 daAuts
     D:1: 1092 daAuts
     D:4: 946 daAuts
     D:3: 625 daAuts
  Temple: 204 daAuts
     D:7: 23 daAuts
